Map: 세라스 폐허

Players

llllllllllll

  • Race: Zerg Zerg
  • League: Grandmaster

장민철 (MC) - Winner!

  • Race: Protoss Protoss
  • League: Grandmaster

VOD

Have the link to the VOD?

Description

Time

  • Played on: Feb. 29, 2016, 7:25 a.m.
  • Length: 11:53
Show
View Real Time Build Order
Export as new Build Order

llllllllllll Zerg 

Build Orders: Hatch First, Lurkers 

Get SALT Encoding   

  12  0:01  Drone  
  13  0:13  Overlord  
  13  0:17  Drone  
  14  0:32  Drone x2  
  14  0:35  Drone  
  17  0:54  Hatchery  
  17  0:55  Drone  
  17  0:59  Drone  
  18  1:09  Extractor  
  17  1:14  Spawning Pool  
  17  1:17  Drone  
  17  1:21  Drone  
  18  1:29  Drone  
  19  1:40  Drone  
  20  1:52  Hatchery  
  19  1:55  Drone  
  20  2:05  Queen  
  22  2:12  Queen  
  24  2:16  Zergling x2  
  24  2:21  Metabolic Boost  
  25  2:27  Overlord  
  25  2:30  Drone  
  25  2:33  Drone  
  25  2:35  Drone  
  28  2:45  Queen  
  28  2:48  Drone  
  28  2:49  Drone  
  32  2:55  Overlord  
  32  2:57  Drone  
  33  3:00  Drone  
  33  3:03  Drone  
  33  3:05  Drone  
  36  3:14  Overlord  
  36  3:15  Drone  
  36  3:16  Drone  
  38  3:21  Zergling x6  
  38  3:22  Zergling x2  
  38  3:24  Zergling x2  
  38  3:26  Zergling x2  
  44  3:33  Zergling x4  
  44  3:34  Zergling x4  
  48  3:38  Drone  
  48  3:47  Drone x5  
  52  3:56  Drone x3  
  52  3:57  Drone  
  52  3:58  Drone  
  52  3:59  Drone  
  52  4:02  Overlord  
  57  4:09  Overlord  
  57  4:18  Overlord  
  57  4:20  Drone  
  57  4:21  Drone x7  
  65  4:30  Drone x4  
  65  4:31  Drone  
  70  4:33  Extractor  
  70  4:34  Extractor  
  70  4:36  Roach Warren  
  70  4:37  Lair  
  68  4:38  Drone  
  68  4:39  Drone  
  68  4:51  Zergling x10  
  68  5:03  Overlord  
  68  5:06  Drone  
  68  5:07  Drone x4, Spine Crawler  
  66  5:10  Evolution Chamber  
  66  5:12  Extractor, Spine Crawler  
  67  5:18  Roach x7  
  81  5:25  Spine Crawler  
  81  5:27  Roach  
  82  5:30  Roach x2  
  82  5:34  Overlord x2  
  85  5:41  Zergling x4  
  85  5:42  Zergling x8  
  90  5:46  Burrow  
  90  5:52  Queen  
  90  5:54  Glial Reconstitution  
  90  5:57  Zergling x4  
  88  6:04  Drone  
  88  6:05  Drone x4  
  88  6:07  Drone  
  88  6:10  Extractor, Spire  
  88  6:11  Drone  
  89  6:12  Drone x2  
  89  6:13  Overseer  
  89  6:16  Drone x2  
  89  6:17  Drone x5  
  97  6:19  Zerg Missile Weapons Level 1  
  97  6:23  Extractor  
  94  6:29  Roach  
  94  6:30  Roach x3  
  102  6:44  Drone x2  
  102  6:46  Overlord  
  104  6:47  Overlord x2  
  104  6:48  Hatchery, Overlord  
  103  7:00  Overlord, Zergling x4  
  105  7:04  Hatchery  
  104  7:11  Hydralisk Den  
  103  7:17  Roach x3  
  103  7:21  Corruptor x7  
  117  7:23  Corruptor  
  114  7:38  Corruptor  
  111  7:49  Lurker Den  
  111  7:50  Queen  
  111  7:54  Roach x2  
  111  7:57  Drone x2  
  111  7:58  Drone x9  
  122  8:00  Corruptor x2  
  126  8:06  Overlord, Roach  
  126  8:08  Zerg Flyer Weapons Level 1  
  128  8:19  Queen  
  124  8:21  Spore Crawler, Roach x4  
  124  8:22  Spore Crawler  
  124  8:24  Spore Crawler  
  124  8:25  Extractor  
  124  8:26  Drone x2  
  122  8:27  Spore Crawler  
  122  8:30  Extractor  
  122  8:32  Drone x2  
  122  8:33  Spore Crawler  
  121  8:35  Spore Crawler  
  121  8:37  Spore Crawler, Drone x3  
  121  8:38  Drone x2  
  124  8:41  Hydralisk  
  124  8:42  Hydralisk x3  
  124  8:43  Roach x6  
  124  8:45  Roach x2  
  124  8:47  Roach  
  146  8:49  Roach x2  
  146  8:50  Roach  
  146  8:51  Roach  
  146  8:54  Roach  
  146  8:55  Roach  
  135  9:02  Roach  
  135  9:03  Roach x4  
  135  9:08  Roach x2  
  142  9:11  Roach  
  142  9:16  Roach x2  
  144  9:19  Roach x2  
  144  9:23  Roach x2  
  145  9:24  Roach  
  145  9:26  Roach  
  145  9:29  Roach  
  145  9:30  Roach  
  144  9:41  Drone  
  144  9:42  Drone x6  
  151  9:46  Lurker x2  
  153  9:53  Hydralisk  
  153  9:54  Hydralisk  
  153  9:58  Overlord  
  157  10:00  Drone  
  157  10:05  Roach x3  
  158  10:13  Hydralisk x2  
  150  10:34  Hydralisk x8  
  146  10:49  Hydralisk x3  
  142  10:57  Lurker x3, Overseer  
  142  10:58  Lurker, Hydralisk  
  142  10:59  Roach x2  
  142  11:00  Roach  
  142  11:02  Drone x3  
  156  11:04  Lurker  
  156  11:05  Lurker  
  151  11:14  Roach x4  
  132  11:26  Roach x2  
  132  11:27  Hydralisk  
  132  11:28  Hydralisk x3  
  142  11:43  Lurker  
Show
View Real Time Build Order
Export as new Build Order

장민철 Protoss - Winner!

Build Orders: Nexus First, Mass Adepts 

Get SALT Encoding   

  12  0:00  Probe (Chrono Boost)  
  13  0:11  Probe (Chrono Boost)  
  14  0:19  Pylon  
  14  0:22  Probe (Chrono Boost)  
  15  0:37  Probe (Chrono Boost)  
  16  0:48  Probe (Chrono Boost)  
  17  1:00  Nexus  
  17  1:05  Probe (Chrono Boost)  
  18  1:14  Gateway  
  18  1:18  Probe (Chrono Boost)  
  19  1:24  Assimilator  
  19  1:29  Assimilator  
  19  1:31  Probe (Chrono Boost)  
  20  1:42  Probe (Chrono Boost)  
  20  1:45  Gateway  
  21  1:52  Probe (Chrono Boost)  
  22  2:03  Cybernetics Core  
  22  2:05  Probe (Chrono Boost)  
  23  2:13  Probe (Chrono Boost)  
  24  2:16  Probe (Chrono Boost)  
  25  2:23  Probe (Chrono Boost)  
  25  2:26  Probe (Chrono Boost)  
  27  2:33  Probe (Chrono Boost)  
  27  2:36  Probe (Chrono Boost)  
  29  2:40  Adept x2 (Chrono Boost)  
  29  2:42  Warp Gate  
  33  2:44  Probe  
  33  2:48  Probe  
  35  2:53  Pylon  
  35  2:57  Mothership Core  
  37  3:00  Probe  
  38  3:12  Adept x2 (Chrono Boost)  
  42  3:16  Pylon, Probe  
  42  3:18  Probe  
  44  3:30  Probe x2  
  46  3:35  Adept x2 (Chrono Boost)  
  49  3:51  Probe x2  
  51  3:56  Gateway  
  51  3:59  Gateway  
  51  4:00  Pylon  
  47  4:03  Probe x2 (Chrono Boost)  
  47  4:06  Twilight Council  
  47  4:07  Pylon  
  49  4:10  Pylon  
  49  4:15  Probe x2 (Chrono Boost)  
  51  4:20  Adept x2  
  55  4:26  Probe x2 (Chrono Boost)  
  55  4:30  Assimilator  
  55  4:31  Assimilator  
  57  4:33  Pylon  
  57  4:49  Probe (Chrono Boost)  
  57  4:50  Probe (Chrono Boost)  
  57  4:55  Resonating Glaives (Chrono Boost), Adept x2  
  57  4:57  Nexus  
  60  5:06  Probe, Adept x2  
  63  5:07  Probe  
  65  5:15  Pylon  
  65  5:16  Pylon  
  65  5:19  Probe  
  65  5:20  Probe  
  67  5:26  Stargate  
  67  5:32  Stargate, Adept  
  69  5:37  Adept  
  69  5:42  Probe  
  71  5:43  Probe  
  73  5:56  Adept x2  
  73  5:57  Adept x2  
  79  6:00  Probe  
  79  6:01  Probe  
  83  6:10  Phoenix (Chrono Boost)  
  75  6:13  Probe  
  75  6:14  Probe  
  75  6:15  Probe  
  75  6:16  Phoenix (Chrono Boost)  
  80  6:21  Charge  
  80  6:25  Probe, Adept x4  
  86  6:28  Probe x2  
  89  6:40  Phoenix (Chrono Boost)  
  89  6:41  Phoenix (Chrono Boost)  
  89  6:45  Probe x3  
  96  6:53  Adept x3  
  102  6:55  Adept  
  104  7:03  Phoenix x2 (Chrono Boost)  
  108  7:09  Pylon, Probe  
  108  7:10  Pylon, Probe  
  108  7:13  Assimilator  
  108  7:15  Probe, Assimilator  
  111  7:18  Pylon  
  111  7:19  Pylon  
  111  7:24  Probe x2  
  111  7:27  Probe  
  111  7:28  Robotics Facility  
  114  7:36  Oracle (Chrono Boost)  
  118  7:37  Oracle (Chrono Boost)  
  118  7:38  Adept x2  
  118  7:41  Adept  
  118  7:42  Adept  
  124  7:45  Probe x2  
  124  7:58  Gateway x2  
  126  8:00  Gateway  
  126  8:03  Gateway  
  124  8:05  Templar Archives  
  124  8:09  Pylon  
  124  8:14  Pylon  
  124  8:18  Observer (Chrono Boost)  
  125  8:21  Forge  
  125  8:31  Zealot x2  
  125  8:32  Zealot x2  
  133  8:35  Pylon  
  133  8:36  Gateway  
  133  8:41  Pylon  
  133  8:43  Pylon  
  133  8:48  Immortal (Chrono Boost)  
  131  8:57  High Templar  
  131  8:58  High Templar x3, Zealot x3  
  131  9:00  Protoss Ground Weapons Level 1 (Chrono Boost)  
  145  9:04  Archon  
  145  9:05  Archon  
  135  9:20  Pylon  
  135  9:23  Warp Prism  
  131  9:25  High Templar x3  
  131  9:26  High Templar  
  139  9:37  Zealot x5  
  135  9:38  Archon x2  
  133  9:48  Nexus  
  133  9:49  Photon Cannon  
  133  9:50  Photon Cannon  
  133  9:51  Photon Cannon  
  133  9:52  Photon Cannon  
  133  9:54  Immortal  
  133  9:58  Pylon  
  133  9:59  High Templar x2  
  141  10:00  Zealot x2  
  141  10:04  Archon  
  145  10:11  Zealot  
  145  10:12  Zealot x4  
  154  10:22  High Templar x2  
  154  10:24  Dark Shrine  
  156  10:32  Zealot x6  
  156  10:33  Immortal, Archon  
  154  11:04  Zealot x9  
  161  11:26  Zealot x4  
  161  11:27  Zealot x5  
  171  11:48  Zealot  
  171  11:49  Zealot x8  
Tags
 
Add a new tag
Caveats
  • Supply blocks, unpowered buildings, or Contaminate may cause inaccurate times.
  • Supply counts are checked every 10 seconds.